[Event "*** Titled Tuesday Blitz"]
[Site "Chess.com"]
[Date "2020.05.05"]
[Round "9"]
[White "almatyonelove"]
[Black "IriBu"]
[Result "1-0"]
[WhiteElo "2574"]
[BlackElo "2449"]
[TimeControl "180+1"]
[EndTime "11:49:27 PDT"]
[Termination "almatyonelove won on time"]

1. d4 Nf6 2. c4 e6 3. Nf3 c5 4. Nc3 cxd4 5. Nxd4 Bb4 6. g3 Nc6 7. Bg2 O-O 8. O-O a6 9. Nc2 Bc5 10. e4 d6 11. a3 e5 12. h3 h6 13. b4 Ba7 14. Qd3 Nd4 15. Bb2 Qe7 16. Rad1 Be6 17. Ne3 b5 18. Ncd5 Nxd5 19. cxd5 Bd7 20. Kh2 Rac8 21.
f4 f6 22. f5 Rc7 23. Rd2 Rfc8 24. g4 Be8 25. Rff2 Bf7 26. Kg3 Kf8 27. Bf1 Ke8 28. Rg2 Kd7 29. h4 Rc4 30. Rdf2 R8c7 31. Nxc4 bxc4 32. Qd1 c3 33. Qa4+ Kd8 34. Bc1 c2 35.
Qxa6 Rc3+ 36. Kh2 Qc7 37. Qa5 Bb6 38. Qa8+ Ke7 39. Qh8 Nf3+ 40. Rxf3 Rxf3 41. Qxg7 Rxf1 42. Bxh6 Qc8 43. g5 c1=Q 44. gxf6+ Kd8 45. Qf8+ Kc7 46. Qxf7+ Kb8 47. Bxc1 Bg1+ 48. Rxg1 Rxg1 49. Be3 Qc2+ 50. Kxg1 Qd1+ 51. Kf2 Qc2+ 52. Kf3 Qd1+ 53. Kg3 Qe1+ 54. Bf2 Qc3+ 55. Kg2 Qd3 56. Qg8+ Kb7 57. Qg4 Qd2 58. f7 Qh6 59. Qg8 Qf4 60. f8=Q Qf3+ 61. Kh2 Qxf2+ 62. Qg2 Qxh4+ 63. Kg1 Qe1+ 64. Qf1 Qg3+ 65. Kh1 Qh4+ 66. Kg2 Qxe4+ 67. Qf3 Qc2+ 68. Kh3 Qc1 69. Qe7+ Ka6 70. Qxd6+ Kb5 71. Qc6+ 1-0

[Event "*** Titled Tuesday Blitz"]
[Site "Chess.com"]
[Date "2020.05.05"]
[Round "9"]
[White "vlad_Sid"]
[Black "Maghalashvili"]
[Result "0-1"]
[WhiteElo "2630"]
[BlackElo "2803"]
[TimeControl "180+1"]
[EndTime "11:49:28 PDT"]
[Termination "Maghalashvili won by resignation"]

1. c4 g6 2. g3 Bg7 3. Bg2 Nf6 4.
Nc3 O-O 5. d3 c5 6. Nf3 d5 7.
cxd5 Nxd5 8. Nxd5 Qxd5 9. O-O Nc6 10. Be3 Bxb2 11. Rb1 Bg7 12. Rb5 Qxa2 13. Bxc5 b6 14. Be3 Bb7 15. Qb3 Qxb3 16. Rxb3 Na5 17. Ra3 Rfc8 18.
Rb1 Bd5 19. Nd4 Bxg2 20. Kxg2 Bxd4 21. Bxd4 Rc2 22. Bc3 Rxe2 23. Bxa5 bxa5 24. Rxa5 a6 25. Kf3 Re6 26. d4 Rd8 27. d5 Red6 28. Rb7 Kf8 29. Kg2 g5 30. g4 Rxd5 31. Rxa6 Rd4 32. h3 Rf4 33. Ra2 e6 34. Rb5 h6 35. Rb3 Kg7 36.
Rf3 Rdd4 37. Rxf4 Rxf4 38. Ra7 Kg6 39. Kg3 h5 40. gxh5+ Kxh5 41. h4 e5 42. hxg5 Kxg5 43. f3 f6 44. Ra5 Rb4 45. Ra3 f5 46. Rc3 Rb2 47. f4+ exf4+ 48. Kf3 Rb4 49. Rc8 Rb3+ 50. Kf2 f3 51. Rc7 Kg4 52. Rc2 Rb4 53. Ra2 Re4 54. Rb2 Re2+ 55. Rxe2 fxe2 56. Kxe2 Kg3 57. Kf1 Kf3 58. Kg1 Ke2 59. Kg2 f4 0-1

[Event "*** Titled Tuesday Blitz"]
[Site "Chess.com"]
[Date "2020.05.05"]
[Round "9"]
[White "AVolodin"]
[Black "pedromartinez91"]
[Result "1-0"]
[WhiteElo "2676"]
[BlackElo "2527"]
[TimeControl "180+1"]
[EndTime "11:49:29 PDT"]
[Termination "AVolodin won by resignation"]

1. d4 d5 2. c4 c6 3. Nf3 e6 4. e3 f6 5. Bd3 f5 6. O-O Nf6 7. Nbd2 Bd6 8. Ne5 O-O 9. f4 b6 10.
b3 Bb7 11. Bb2 Nbd7 12. Rc1 Bxe5 13. dxe5 Ne4 14. cxd5 cxd5 15. Nxe4 fxe4 16. Bb5 Rc8 17. Qg4 Qe7 18. Bxd7 Qxd7 19. Rxc8 Bxc8 20. Ba3 Re8 21.
Bd6 Ba6 22. Rf2 Rc8 23. h4 g6 24. h5 Qf7 25. Qg5 Qf5 26. g4 Qxg5 27. fxg5 d4 28.
exd4 e3 29. Rf6 Bd3 30. h6 Be2 31. d5 Bxg4 32. dxe6 Bxe6 33. Rxe6 Rc1+ 34. Kg2 e2 35.
Bb4 e1=Q 36. Bxe1 Rxe1 37. Re7 Re4 38. Kf3 Re1 39. Kf4 a5 40. Rg7+ Kh8 41. Rb7 Kg8 42. Rxb6 a4 43. Rb8+ Kf7 44. bxa4 Rf1+ 45. Ke4 Re1+ 46.
Kd4 Rd1+ 47. Kc4 Rc1+ 48. Kd3 Rd1+ 49. Ke2 Rd5 50. Rb5 Rd4 51. a5 Ra4 52. Kd3 Ke6 53. Kc3 Rxa2 54. Kc4 Ra4+ 55. Kb3 Ra1 56. Kb4 Kf5 57. e6+ Kxe6 58. Kc5 Kd7 59. Kb6 Kc8 60.
a6 Kb8 61. Kc6+ Ka7 62. Rb7+ Ka8 63. Rxh7 Rxa6+ 64. Kd7 Ra7+ 65. Ke6 Rxh7 66. Kf6 Ra7 67. Kxg6 Ra6+ 68. Kh5 Ra1 69. h7 Kb7 70. Kg6 Ra6+ 71. Kg7 Ra8 72. h8=Q Rxh8 73. Kxh8 Kc7 74. g6 Kd7 75. g7 Ke7 76. g8=Q 1-0

[Event "*** Titled Tuesday Blitz"]
[Site "Chess.com"]
[Date "2020.05.05"]
[Round "9"]
[White "VladimirBugayev"]
[Black "kinga2008"]
[Result "0-1"]
[WhiteElo "2238"]
[BlackElo "2114"]
[TimeControl "180+1"]
[EndTime "11:49:29 PDT"]
[Termination "kinga2008 won by checkmate"]

1. e4 g6 2. d4 Bg7 3. h4 h5 4. Nc3 c5 5. Be3 cxd4 6. Bxd4 e5 7. Bc5 Ne7 8. Nd5 d6 9. Nxe7 dxc5 10. Qxd8+ Kxd8 11. Nd5 Be6 12. O-O-O Nd7 13. Nf3 Bxd5 14. Rxd5 Kc7 15.
Bb5 Rad8 16. Bxd7 Rxd7 17. Rxc5+ Kb6 18. Rd5 Rxd5 19. exd5 Kc5 20. Rd1 Rd8 21. Ng5 Bh6 22.
Re1 f6 23. f4 fxg5 24. hxg5 Bg7 25. fxe5 Re8 26. d6 Bxe5 27. Rd1 Bxd6 28. b4+ Kc6 29.
b5+ Kc7 30. Rf1 Rf8 31. Re1 Kd7 32. Re4 Rf4 33. Re2 Rg4 34. Kb2 Rxg5 35. a4 Rg4 36. Kb3 Rb4+ 37. Kc3 Rxa4 38. Rf2 Rf4 39. Rd2 Rf5 40.
Kc4 h4 41. Rd3 g5 42. Re3 g4 43. Re4 h3 44. Rxg4 h2 45. Rh4 Rf1 46. Rh7+ Ke6 47.
Rh6+ Ke5 48. Rh5+ Ke4 49. Rh4+ Ke3 50. Rh6 h1=Q 51. Rxd6 Qh4+ 52. Kb3 Rb1+ 53. Ka2 Qa4+ 54. Kxb1 Qb4+ 55. Kc1 Qxd6 56. Kb2 Qb6 57. c4 Kd4 58.
Kb3 a6 59. g4 axb5 60. c5 Qxc5 61. g5 Qxg5 62. Kb4 Qc5+ 63. Ka5 b4+ 64. Ka4 b5+ 65. Kb3 Qc3+ 66. Ka2 Qa3+ 67. Kb1 Qb3+ 68. Ka1 Qc3+ 69.
Ka2 b3+ 70. Ka3 b2+ 71. Ka2 Qc2 72. Ka3 b4+ 73. Ka2 b1=Q# 0-1

[Event "*** Titled Tuesday Blitz"]
[Site "Chess.com"]
[Date "2020.05.05"]
[Round "9"]
[White "Igor_Lysyj"]
[Black "DrVitman"]
[Result "1/2-1/2"]
[WhiteElo "2779"]
[BlackElo "2546"]
[TimeControl "180+1"]
[EndTime "11:49:31 PDT"]
[Termination "Game drawn - insufficient material"]

1. d4 d6 2. Nf3 Bg4 3. c4 Bxf3 4. exf3 c6 5. Nc3 e6 6. d5 e5 7. dxc6 Nxc6 8. f4 Nge7 9. Bd3 g6 10. O-O Bg7 11.
fxe5 dxe5 12. c5 O-O 13. Bc4 Qd4 14. Qxd4 exd4 15. Ne4 Ne5 16. Bb3 a5 17. Bg5 Nf5 18. Rad1 h6 19. Bf4 Rfd8 20. Rfe1 d3 21. Nd6 Nxd6 22.
cxd6 a4 23. Bd5 Rxd6 24. Bxb7 Ra5 25. Rd2 Rb5 26. Be4 f5 27. Ba8 g5 28. Bxe5 Bxe5 29. g3 Rxb2 30. Rxb2 Bxb2 31. Rd1 a3 32. Kf1 Kg7 33. Bb7 Kf6 34. Bc8 g4 35. Bb7 h5 36.
Kg2 Kg5 37. h3 f4 38. hxg4 hxg4 39. gxf4+ Kxf4 40. Bc8 d2 41. Bb7 Bc3 42. Bc8 Rb6 43. Bd7 Rb2 44. Be6 Rb6 45. Bc4 Rb4 46. Bf7 Rb6 47. Kf1 Rf6 48. Bb3 g3 49. Kg2 gxf2 50. Kxf2 Ke4+ 51. Ke2 Rh6 52. Bc2+ Kd4 53. Kf3 Rf6+ 54.
Ke2 Re6+ 55. Kf2 Rb6 56. Ba4 Rb4 57. Bb3 Rxb3 58. axb3 a2 59. Ke2 Bb4 60. Ra1 Kc3 61. Rxa2 Kxb3 62. Ra8 Kc3 63. Rc8+ Kb3 64. Kd1 Bc3 65.
Rc7 Bb4 66. Rh7 Bc3 67. Rh3 Kb2 68. Rd3 Kb3 69. Rxd2 Bxd2 1/2-1/2

[Event "*** Titled Tuesday Blitz"]
[Site "Chess.com"]
[Date "2020.05.05"]
[Round "9"]
[White "stolencandy13"]
[Black "SiddharthGMJagadeesh"]
[Result "1-0"]
[WhiteElo "2550"]
[BlackElo "2416"]
[TimeControl "180+1"]
[EndTime "11:49:31 PDT"]
[Termination "stolencandy13 won by resignation"]

1. e4 c5 2. Nf3 Nc6 3. d4 cxd4 4. Nxd4 g6 5. c4 Bg7 6. Be3 Nf6 7. Nc3 O-O 8. Be2 b6 9. O-O Bb7 10. f3 Qb8 11. Qd2 Rd8 12. Rfd1 d6 13. Rac1 Rd7 14.
Ndb5 Qf8 15. Bf1 Rad8 16. Nd5 Ne8 17. a3 e6 18. Nb4 f5 19. Nxc6 Bxc6 20. exf5 gxf5 21.
Bg5 Rc8 22. Nd4 Qf7 23. Nxc6 Rxc6 24. b4 Rcc7 25. g3 Qg6 26. Bg2 Nf6 27. Be3 Qf7 28.
Qd3 Nh5 29. Bf2 Bh6 30. Rc2 Bg7 31. f4 Nf6 32. Re1 Ng4 33. Rxe6 Nxf2 34. Rxf2 Re7 35. Rfe2 Rxe6 36. Rxe6 Re7 37. Rxd6 Qh5 38. Rd8+ Re8 39. Bd5+ Kf8 40. Rxe8+ Qxe8 41. Qxf5+ Ke7 42. Qe6+ Kd8 43. Qxe8+ Kxe8 44. Be4 h6 45. Kf1 Bb2 46. a4 Bc3 47. b5 Bd4 48. Ke2 Ke7 49. Kd3 Bg1 50. Bd5 Bxh2 51.
Ke4 Bxg3 52. Kf5 Kd6 53. Kg4 Bf2 54. Kh5 Be3 55. f5 Bg5 56. Kg6 Ke7 57. Be6 Bf6 58.
Bd5 Bh4 59. Kxh6 Bf6 60. Kg6 Bc3 61. Be4 Bf6 62. Bc2 Bc3 63. Bb3 Bf6 64. c5 bxc5 65. a5 Be5 66. Bd5 Bc7 67. f6+ Kf8 68. b6 axb6 69. a6 Bb8 70. Bc4 Ba7 71. Kf5 Bb8 72. Ke6 Ba7 73. Kd7 b5 74. Bxb5 c4 75. Bxc4 Bg1 76. Kc7 Bh2+ 77. Kb7 Bg1 78. a7 Bxa7 79. Kxa7 Ke8 80. f7+ Kf8 81. Kb7 Kg7 82. Kc6 Kf8 83. Kd7 Kg7 84. Ke7 Kg6 1-0

[Event "*** Titled Tuesday Blitz"]
[Site "Chess.com"]
[Date "2020.05.05"]
[Round "9"]
[White "Khamrakulov_Djurabek"]
[Black "albi1999"]
[Result "1/2-1/2"]
[WhiteElo "2812"]
[BlackElo "2633"]
[TimeControl "180+1"]
[EndTime "11:49:33 PDT"]
[Termination "Game drawn by stalemate"]

1. e4 e5 2. Nf3 Nc6 3. d4 exd4 4. Nxd4 Nf6 5. Nc3 Bb4 6. Nxc6 bxc6 7. Bd3 d5 8. exd5 O-O 9. O-O cxd5 10. h3 c6 11. Qf3 Bd6 12. Bf4 Be6 13. Rfe1 Rb8 14. b3 Rb4 15. Ne2 Bxf4 16. Nxf4 Qd6 17. c4 Rbb8 18.
Rad1 d4 19. c5 Qd7 20. Nxe6 fxe6 21. Bc4 Rfe8 22. Qf5 Kf7 23. Rd2 Re7 24. Qf4 Rd8 25. Red1 Qc7 26. Qxc7 Rxc7 27. Rxd4 Nd5 28. Re4 Re7 29. Rd3 Rdd7 30. g4 Nf6 31. Rxd7 Nxe4 32. Rxe7+ Kxe7 33. b4 g5 34. a3 h6 35. Bd3 Nf6 36.
Kg2 Nd5 37. Be4 Kf6 38. Bxd5 exd5 39. Kf3 Ke5 40. Ke3 a6 41. a4 d4+ 42. Kd3 Kd5 43.
f4 gxf4 44. h4 f3 45. g5 hxg5 46. h5 g4 47. h6 g3 48. h7 g2 49. h8=Q g1=Q 50.
Qh5+ Ke6 51. Qxf3 Qb1+ 52. Kc4 Qa2+ 53. Kxd4 Qxa4 54. Qg4+ Ke7 55. Qg7+ Ke6 56. Qg6+ Kd7 57. Qd6+ Kc8 58. Ke5 Qxb4 59. Qxc6+ Kb8 60. Qe8+ Kc7 61. Qe7+ Kc8 62. Qe6+ Kc7 63. Qd6+ Kc8 64. Qxa6+ Kc7 65. Qd6+ Kc8 66. Qe6+ Kc7 67. Qe7+ Kc8 68. Qe6+ Kc7 69.
Qd5 Qe1+ 70. Kf6 Qe8 71. Qd6+ Kc8 72. c6 Qd8+ 73. Ke6 Qxd6+ 74. Kxd6 Kd8 75. c7+ Kc8 76. Kc6 1/2-1/2

[Event "*** Titled Tuesday Blitz"]
[Site "Chess.com"]
[Date "2020.05.05"]
[Round "9"]
[White "aa175"]
[Black "Skatchkov_V"]
[Result "0-1"]
[WhiteElo "2418"]
[BlackElo "2557"]
[TimeControl "180+1"]
[EndTime "11:49:34 PDT"]
[Termination "Skatchkov_V won by resignation"]

1. d4 Nf6 2. Nf3 e6 3. Bf4 d5 4. e3 Bd6 5. Nbd2 Bxf4 6. exf4 c5 7. dxc5 Qa5 8. c3 Qxc5 9. Nb3 Qc7 10. g3 O-O 11. Bd3 b6 12. O-O Bb7 13. Nbd4 Nbd7 14. Re1 Nc5 15. Bc2 Nce4 16. Ne5 Rac8 17. Bxe4 Nxe4 18. Qg4 Qe7 19. Rad1 f6 20. Nd3 e5 21. Nf5 Qc7 22. f3 Nc5 23. fxe5 Nxd3 24. exf6 Rxf6 25.
Ne7+ Kh8 26. Rxd3 Rcf8 27. f4 Qc5+ 28. Rd4 Ba6 29. Nxd5 Rd6 30. Qg5 Bb7 31. Ne3 Rxd4 32.
Qxc5 bxc5 33. cxd4 cxd4 34. Nc4 Bd5 35. b3 Bxc4 36.
bxc4 Rc8 37. Re4 Rd8 38. c5 d3 39. Re1 h6 40. c6 Rc8 41. Rd1 Rxc6 42. Rxd3 Rc1+ 43. Kg2 Rc2+ 44. Kh3 Rxa2 45. Rd8+ Kh7 46. Ra8 a5 47. Ra6 a4 48. Rb6 h5 49. Ra6 g6 50. Ra7+ Kh6 51. Ra6 Kg7 52. Ra7+ Kf6 53. Ra6+ Kf5 54. Ra5+ Ke4 55. Ra6 a3 56. Rxg6 Rd2 57.
Ra6 a2 58. Ra4+ Kd3 59. Ra8 Kc3 60. Rc8+ Kb2 61. Rb8+ Kc1 62. Rc8+ Kb1 63. Rb8+ Rb2 64. Ra8 a1=Q 65. Rxa1+ Kxa1 66. g4 hxg4+ 67. Kxg4 Ka2 68. h4 Kb3 69. Kf5 Kc4 70. h5 Kd5 71. h6 Rh2 72. Kg6 Ke6 73. f5+ Ke7 74. f6+ Kf8 75. h7 Rh3 76. f7 Rh2 77. h8=Q+ Rxh8 78. Kf6 Rh7 79. Kg6 Rxf7 80. Kh5 0-1

[Event "*** Titled Tuesday Blitz"]
[Site "Chess.com"]
[Date "2020.05.05"]
[Round "9"]
[White "mshuaau0"]
[Black "AndriiTop"]
[Result "0-1"]
[WhiteElo "2126"]
[BlackElo "2308"]
[TimeControl "180+1"]
[EndTime "11:49:36 PDT"]
[Termination "AndriiTop won by checkmate"]

1. e4 c6 2. d4 d5 3. e5 c5 4. dxc5 Nc6 5. a3 Nxe5 6. b4 g6 7.
Bb2 Bg7 8. Qc1 f6 9. f4 Nf7 10. Nf3 Ngh6 11. c4 O-O 12. cxd5 Qxd5 13. Qc4 Be6 14.
Qxd5 Bxd5 15. Be2 e5 16. fxe5 Nxe5 17. Nxe5 fxe5 18. Rg1 Nf5 19. Nc3 e4 20. Rb1 Bd4 21. Rh1 Bxc3+ 22. Bxc3 e3 23. Rg1 Nh4 24. Bf1 Rae8 25.
Rb2 e2 26. Rxe2 Rxe2+ 27. Kxe2 Bc4+ 28. Ke1 Bxf1 29. Rxf1 Nxg2+ 30. Ke2 Rxf1 31. Kxf1 Nf4 32. b5 Kf7 33. c6 bxc6 34. bxc6 Ke6 35. c7 Kd7 36. Be5 Ne6 37. Ke2 Nxc7 38. Kf3 Nd5 39.
Kg4 Ke6 40. Bb8 a5 41. Kg5 a4 42. Kh6 Nf6 43. Bc7 Kf7 44. h3 Kg8 45. Be5 Nd5 46. Kg5 Nb6 47. Bd6 Nc4 48. Bb4 Kf7 49. h4 h5 50. Bc5 Ne5 51. Bb4 Nf3+ 52. Kf4 Nxh4 53. Kg5 Nf5 54. Bd2 Ng7 55. Bb4 Ne6+ 56. Kh4 Kf6 57.
Bc3+ Kf5 58. Bd4 Nf4 59. Bc3 g5+ 60. Kg3 h4+ 61. Kh2 g4 62. Be1 g3+ 63. Bxg3 hxg3+ 64. Kxg3 Ke4 65. Kf2 Nd5 66. Ke2 Kd4 67. Kd2 Kc4 68.
Kc2 Ne3+ 69. Kb2 Kd3 70. Ka2 Kc3 71. Kb1 Kb3 72. Ka1 Nc4 73. Kb1 Nxa3+ 74. Ka1 Nb5 75. Kb1 a3 76. Ka1 Nd6 77. Kb1 Nf5 78. Ka1 Nd4 79. Kb1 a2+ 80. Ka1 Nc2# 0-1

[Event "*** Titled Tuesday Blitz"]
[Site "Chess.com"]
[Date "2020.05.05"]
[Round "9"]
[White "tigra"]
[Black "Beca95"]
[Result "1/2-1/2"]
[WhiteElo "2808"]
[BlackElo "2871"]
[TimeControl "180+1"]
[EndTime "11:49:37 PDT"]
[Termination "Game drawn by stalemate"]

1. Nc3 d5 2. d4 Nf6 3. Bf4 c5 4. e4 Nxe4 5. Nxe4 dxe4 6. dxc5 Qa5+ 7. c3 Qxc5 8. Qa4+ Nc6 9. O-O-O e5 10. Be3 Qa5 11.
Qxe4 f5 12. Qc4 f4 13. Bxf4 exf4 14. Nf3 Be7 15. g3 Qc5 16. Qb3 Bg4 17. Be2 Qxf2 18. Qxb7 O-O 19. Bc4+ Kh8 20. Rdf1 Qe3+ 21. Nd2 Ne5 22. Re1 Qc5 23. b4 Qd6 24. gxf4 Nxc4 25. Nxc4 Qd3 26. Re3 Qxc4 27. Qxe7 Bf5 28. Rg1 Qf7 29.
Kb2 Qxe7 30. Rxe7 g6 31. c4 Rab8 32. a3 a6 33. Kc3 Rfd8 34. Re3 Rbc8 35. c5 Kg7 36. Rge1 Kf6 37. Kc4 Rc7 38. a4 Rdc8 39.
Re5 Bd7 40. b5 axb5+ 41. axb5 Rb7 42. Rb1 Bc6 43. Rb4 Be8 44. Kd4 Rd7+ 45. Kc3 Rb7 46. c6 Bxc6 47. bxc6 Rxc6+ 48. Rc4 Rxc4+ 49. Kxc4 Rb2 50. Kd4 Rxh2 51. Ke3 h5 52. Kf3 Rc2 53. Ra5 Rc3+ 54.
Kf2 h4 55. Kg2 Rg3+ 56. Kf2 Rg4 57. Kf3 Rg3+ 58. Kf2 Rc3 59. Kg2 h3+ 60. Kh2 Rf3 61. Rb5 Kg7 62. Rc5 Kf6 63. Rb5 Rxf4 64. Kxh3 Rf5 65. Rb4 Kg5 66. Rb1 Re5 67. Kg2 Kf4 68. Kg1 Re3 69. Ra1 g5 70. Kh1 Rd3 71. Kg1 g4 72. Kh1 Kg3 73. Kg1 Kh3 74. Kh1 g3 75. Kg1 Rf3 76. Rb1 g2 77. Rc1 Kg3 78. Rc3 Rxc3 1/2-1/2

[Event "*** Titled Tuesday Blitz"]
[Site "Chess.com"]
[Date "2020.05.05"]
[Round "9"]
[White "Dumbo32"]
[Black "Balla_Tamas"]
[Result "1/2-1/2"]
[WhiteElo "2418"]
[BlackElo "2548"]
[TimeControl "180+1"]
[EndTime "11:49:38 PDT"]
[Termination "Game drawn by repetition"]

1. e4 d5 2. exd5 Qxd5 3. Nc3 Qd6 4. d4 c6 5. Nf3 Nf6 6. Ne5 Nbd7 7. Nc4 Qc7 8. g3 Nb6 9. Bf4 Qd8 10. Ne5 Bf5 11. Bg2 e6 12. O-O Bd6 13. Re1 O-O 14. a4 Nbd5 15.
Bd2 Qc7 16. Nc4 Be7 17. a5 Rad8 18. Na4 b5 19. axb6 axb6 20. Ne5 Nd7 21. Nf3 Nb4 22. Rc1 b5 23. Nc3 Bd6 24. Ne4 Bxe4 25. Rxe4 Nf6 26.
Re1 Qb6 27. Bg5 Be7 28. c3 Nbd5 29. Ne5 Rfe8 30. Qe2 h6 31. Bd2 Bd6 32. Nd3 Ra8 33. b3 Ra2 34. Qd1 Ne7 35. Be3 Nfd5 36. c4 Nxe3 37.
fxe3 bxc4 38. bxc4 c5 39. Rb1 Qc7 40. Qb3 Ra7 41.
Qb6 cxd4 42. exd4 Qxb6 43. Rxb6 Bc7 44. Rb7 Rxb7 45. Bxb7 Rd8 46. d5 Ng6 47. Nb4 Bb6+ 48. Kg2 Ba5 49. Nc6 Bxe1 50. Nxd8 exd5 51. Bxd5 Ne5 52. c5 Kf8 53. Nc6 Nxc6 54. Bxc6 Bb4 55. Bd5 Bxc5 56. h4 Ke7 57. Bb3 Kf6 58. Ba2 Bd6 59.
Bb3 g5 60. Ba2 gxh4 61. gxh4 Bf4 62. Kh3 Bd2 63. Kg4 Kg6 64. h5+ Kf6 65. Bb1 Bg5 66.
Bc2 Ke5 67. Bd3 Kd4 68. Bb1 Ke3 69. Bf5 Kd4 70. Bb1 Ke5 71. Bc2 f6 72. Bb1 Bd2 73. Bc2 Bg5 74. Bd3 f5+ 75. Bxf5 Kf6 76. Bg6 Ke5 77. Bf5 Kf6 78. Bg6 Ke5 79. Bf5 1/2-1/2

[Event "*** Titled Tuesday Blitz"]
[Site "Chess.com"]
[Date "2020.05.05"]
[Round "9"]
[White "CMS13"]
[Black "alexsergeyev"]
[Result "0-1"]
[WhiteElo "2190"]
[BlackElo "2393"]
[TimeControl "180+1"]
[EndTime "11:49:38 PDT"]
[Termination "alexsergeyev won by checkmate"]

1. e4 e5 2. Bc4 Nf6 3. Nc3 c6 4. d4 Qa5 5. dxe5 Nxe4 6. Bxf7+ Kxf7 7. Qf3+ Nf6 8. exf6 Qe5+ 9. Be3 Qxf6 10. Qh5+ g6 11. Qe2 d5 12. O-O-O Bg7 13. Nf3 Re8 14. Qd3 Bf5 15.
Qd2 Nd7 16. h4 Ne5 17. Nxe5+ Qxe5 18. Bf4 Qe7 19. h5 Qb4 20. a3 Bxc3 21. axb4 Bxd2+ 22. Rxd2 Re4 23. Bd6 Rd8 24. Bc5 b6 25. f3 Rc4 26. b3 Rxc2+ 27. Rxc2 Bxc2 28. Kxc2 bxc5 29. hxg6+ Kxg6 30. bxc5 Rb8 31. Kc3 Rb5 32. Ra1 Rxc5+ 33. Kd4 Rb5 34. Rxa7 Rxb3 35. Ra6 Rb4+ 36. Kd3 Rc4 37. g3 h5 38. Rb6 h4 39. gxh4 Kh5 40.
Ke3 Kxh4 41. f4 Kg4 42. Ra6 Kf5 43. Rb6 Rc3+ 44. Kd4 Rc4+ 45. Ke3 Re4+ 46. Kd3 c5 47. Rb5 c4+ 48. Kc3 Re3+ 49. Kd2 Rd3+ 50. Kc2 Kxf4 51.
Rc5 Ke4 52. Rb5 Kd4 53. Rb4 Rh3 54. Rb6 Rh2+ 55. Kc1 Kc3 56. Kb1 d4 57. Rf6 d3 58.
Rf1 Rb2+ 59. Kc1 Ra2 60. Kb1 Ra6 61. Rc1+ Kb3 62. Rd1 Re6 63. Rf1 c3 64. Rd1 c2+ 65. Kc1 cxd1=Q+ 66. Kxd1 Kc3 67. Kc1 Re1# 0-1

[Event "*** Titled Tuesday Blitz"]
[Site "Chess.com"]
[Date "2020.05.05"]
[Round "9"]
[White "UCantHandleDenker"]
[Black "ShahMatKanal"]
[Result "0-1"]
[WhiteElo "2556"]
[BlackElo "2417"]
[TimeControl "180+1"]
[EndTime "11:49:42 PDT"]
[Termination "ShahMatKanal won by checkmate"]

1. Nf3 d5 2. c4 c6 3. g3 Nf6 4. Bg2 Bf5 5. b3 Nbd7 6. Bb2 e6 7.
O-O h6 8. d3 Be7 9. Nbd2 O-O 10. a3 a5 11. Ra2 Qb8 12. Qa1 Bh7 13. Rc1 Rc8 14. Ne5 Bf8 15. Bc3 Qd6 16. Nxd7 Nxd7 17.
Nf3 Re8 18. cxd5 exd5 19. b4 axb4 20. axb4 Rxa2 21. Qxa2 Be7 22. Bh3 f5 23. Qa7 g5 24.
Bf1 Qb8 25. Qa1 Qd6 26. Qb2 Bf6 27. Bxf6 Qxf6 28. Qd2 f4 29. Rb1 g4 30. Nh4 f3 31.
exf3 gxf3 32. Re1 Rxe1 33. Qxe1 Ne5 34. Qe3 Kg7 35. Qb6 Qf7 36. Qd4 Qf6 37. Qe3 h5 38. d4 Nc4 39. Qxf3 Qxd4 40. Qxh5 Ne5 41. Qg5+ Kf7 42.
Qh5+ Kg7 43. Qe2 Bd3 44. Qe3 Qxe3 45. fxe3 Bxf1 46. Kxf1 Nd3 47. Nf5+ Kf6 48. Nd6 b6 49. Nc8 c5 50. Nxb6 Nxb4 51. Ke2 Ke5 52. h4 Nc6 53. Nd7+ Kd6 54. Nb6 c4 55. Na4 Ne5 56. h5 Ke6 57. Nc3 Ng4 58. e4 d4 59. Nd5 Ke5 60. Nf4 Kxe4 61.
Kd2 c3+ 62. Kc2 Nh6 63. Nd3 Ng4 64. Nc5+ Ke3 65. Nd3 Nh6 66. Ne5 Ke4 67. Nd3 Ng4 68. Nf4 Ne3+ 69. Kb3 c2 70. Kb2 d3 71. Nxd3 Kxd3 72.
h6 Kd2 73. h7 c1=Q+ 74. Kb3 Qc8 75. Kb4 Qh8 76. g4 Qxh7 77. g5 Qg6 78. Kc5 Qxg5+ 79. Kd4 Qd5# 0-1

[Event "*** Titled Tuesday Blitz"]
[Site "Chess.com"]
[Date "2020.05.05"]
[Round "9"]
[White "bancsoo"]
[Black "Bigfish1995"]
[Result "0-1"]
[WhiteElo "2746"]
[BlackElo "3088"]
[TimeControl "180+1"]
[EndTime "11:49:44 PDT"]
[Termination "Bigfish1995 won by resignation"]

1. Nf3 f5 2. g3 Nf6 3. Bg2 d6 4. O-O e5 5. d3 Be7 6. e4 fxe4 7.
dxe4 O-O 8. Nc3 c6 9. h3 Nbd7 10. Ne1 Nc5 11. Nd3 Ne6 12. Be3 d5 13. exd5 cxd5 14.
Bd2 e4 15. Nf4 Nxf4 16. Bxf4 Be6 17. Ne2 Qd7 18. Kh2 Rac8 19. Nd4 Bf7 20. Qd2 Rfe8 21. Rad1 Bc5 22. c3 Bh5 23. Rde1 h6 24. Nc2 Rcd8 25. Kg1 b6 26. g4 Bf7 27. Rd1 h5 28. g5 Nh7 29. Nd4 Nf8 30. Kh1 Ng6 31. Bg3 h4 32. Bh2 Be6 33. Nxe6 Qxe6 34. f4 Ne7 35. Qe2 Nf5 36. b4 Be7 37. a3 Rc8 38. Rc1 Rc4 39. Rfd1 Rec8 40. Qd2 d4 41. cxd4 e3 42. Qe1 e2 43. Rxc4 Rxc4 44. Rb1 Nxd4 45. Bg1 Nc2 46. Qd2 Kf8 47. Bf2 Rc7 48.
Bd5 Qxh3+ 49. Kg1 Qg4+ 50. Kh2 Nxa3 51. Rg1 Qf5 52. Bf3 Rc2 53. Qe1 Qxf4+ 54. Kg2 Bd6 55. Rh1 Nc4 56. Rxh4 Ne3+ 57. Bxe3 Qxe3 58. Re4 Qxg5+ 59.
Rg4 Qd2 60. Qxd2 Rxd2 61. Kf2 e1=Q+ 62. Kxe1 Rb2 63. Kd1 Bxb4 64. Rc4 a5 65. Rc6 Bc5 66. Bd5 Rb4 67. Kc2 Rd4 68. Ba2 g5 69. Rc7 g4 70.
Rf7+ Ke8 71. Rg7 Re4 72. Bd5 Re2+ 73. Kb3 Re3+ 74. Kc4 g3 75. Kb5 Rd3 76. Bc4 Rc3 77. Bd5 Bd4 78. Bc4 Bxg7 0-1

[Event "*** Titled Tuesday Blitz"]
[Site "Chess.com"]
[Date "2020.05.05"]
[Round "9"]
[White "124chess"]
[Black "Nbk90"]
[Result "0-1"]
[WhiteElo "2694"]
[BlackElo "2515"]
[TimeControl "180+1"]
[EndTime "11:49:46 PDT"]
[Termination "Nbk90 won by resignation"]

1. b3 b6 2. Bb2 Bb7 3. e3 c5 4. f4 e6 5. Nf3 Nf6 6. Bd3 Nc6 7. O-O Nb4 8. Be2 Be7 9. a3 Nc6 10. Qe1 d5 11. d3 d4 12. exd4 Nxd4 13. Nxd4 cxd4 14.
Nd2 Rc8 15. Bd1 O-O 16. Nf3 Bxf3 17. Rxf3 Qc7 18. Bxd4 Bc5 19. Bxc5 Qxc5+ 20. Kh1 Rfd8 21. b4 Qc3 22. Qxc3 Rxc3 23. Kg1 Rd4 24. Kf2 Ng4+ 25. Ke1 h5 26. Kd2 Rc7 27. c3 Rd6 28. d4 Nxh2 29.
Rh3 Ng4 30. Rxh5 Nf6 31. Re5 Rdc6 32. Rc1 Nd5 33. Bf3 Rxc3 34. Rxc3 Nxc3 35. Kd3 Na4 36. d5 Nb2+ 37. Ke2 Rc2+ 38. Kf1 Rc1+ 39. Re1 Rxe1+ 40. Kxe1 exd5 41. Kd2 Nc4+ 42. Kc3 Nxa3 43. Bxd5 Nb5+ 44. Kc4 Nc7 45. Bc6 Kf8 46. Kd4 Ke7 47. g4 Kd6 48. Bf3 Ne6+ 49. Ke3 g5 50. fxg5 Nxg5 51. Bd1 Ke5 52.
b5 f6 53. Bc2 Nf7 54. Bf5 Nd6 55. Bd3 Kd5 56. Kf4 Kc5 57. Be2 Nxb5 58. Bd3 Nd6 59. g5 fxg5+ 60. Kxg5 a5 61. Kf4 a4 62. Ke3 a3 63.
Bb1 Kb4 64. Kd4 Kb3 65. Kd5 Kb2 0-1

[Event "*** Titled Tuesday Blitz"]
[Site "Chess.com"]
[Date "2020.05.05"]
[Round "9"]
[White "northridgehawk"]
[Black "Al_Shima"]
[Result "0-1"]
[WhiteElo "2280"]
[BlackElo "2456"]
[TimeControl "180+1"]
[EndTime "11:49:47 PDT"]
[Termination "Al_Shima won by checkmate"]

1. e4 d5 2. exd5 Nf6 3. Nf3 Nxd5 4. d4 Bf5 5. Be2 e6 6. O-O c5 7. c4 Nb4 8. Na3 N8c6 9. Be3 Qa5 10. d5 Rd8 11. Qb3 exd5 12. cxd5 Rxd5 13. Bc4 Rd7 14.
Rad1 Qc7 15. Nb5 Qc8 16. Rxd7 Qxd7 17. Rd1 Bc2 18. Bxf7+ Qxf7 19. Qxf7+ Kxf7 20. Rd2 Bf5 21. a3 Na6 22. h3 h6 23. g4 Be4 24. Ne1 Be7 25. Nc3 Bg6 26. Nd3 Bxd3 27. Rxd3 Rd8 28.
Rxd8 Nxd8 29. Ne4 b6 30. Kg2 Nc7 31. f4 Nd5 32. Bd2 Bf6 33. b3 Be7 34. Kf3 Nf6 35. Nc3 Nc6 36. h4 h5 37. g5 Nd7 38. f5 g6 39. f6 Nxf6 40. gxf6 Bxf6 41. Ne4 Bxh4 42. Nd6+ Ke6 43. Nc4 Bf6 44. Ke4 Ne5 45. Ne3 Bg5 46. Bc1 Bxe3 47. Bxe3 Nf7 48. b4 Nd6+ 49. Kf4 Nc4 50. Bc1 cxb4 51. axb4 b5 52. Kg5 Kf7 53. Kh6 Ne5 54. Kg5 Nc6 55. Be3 a5 56. bxa5 Nxa5 57.
Bc5 Nc6 58. Kf4 b4 59. Ke3 Ke6 60. Kd3 Kd5 61. Be3 Ne5+ 62. Kc2 Kc4 63. Bg5 b3+ 64.
Kb2 Nd3+ 65. Kb1 b2 66. Kc2 Kd4 67. Bf6+ Ke4 68. Bg5 Ne5 69. Kxb2 Nf3 70. Bd8 h4 71.
Kc2 h3 72. Bc7 Ne5 73. Kd1 h2 74. Ke2 h1=Q 75. Bb6 Qf3+ 76. Ke1 Kd3 77. Bf2 Qe2# 0-1